 Dungeon Crawl Stone Soup version 0.21.1-1-g345015fe64 (webtiles) character file.

137 Ivernyr the Charmwright (level 5, 25/40 HPs)
             Began as a Demonspawn Skald on Apr 28, 2018.
             Was an Initiate of Nemelex Xobeh.
             Quit the game on level 4 of the Dungeon.
             The game lasted 00:13:22 (3797 turns).

Ivernyr the Charmwright (Demonspawn Skald)          Turns: 3797, Time: 00:13:23

Health: 25/40      AC:  3    Str: 11    XL:     5   Next: 0%
Magic:  5/8        EV: 12    Int: 14    God:    Nemelex Xobeh [......]
Gold:   144        SH:  4    Dex: 14    Spells: 3/8 levels left

rFire    . . .     SeeInvis .   a - +0 falchion
rCold    + . .     Gourm    .   (no shield)
rNeg     . . .     Faith    .   b - +0 leather armour
rPois    .         Spirit   .   (no helmet)
rElec    .         Reflect  .   (no cloak)
rCorr    .         Harm     .   (no gloves)
MR       +....                  (no boots)
Stlth    ++........             (no amulet)
HPRegen  0.13/turn              m - ring of protection from magic
MPRegen  0.11/turn              (no ring)

@: no status effects
A: large bone plates 1, cold resistance 1, nightstalker 1
a: Renounce Religion


You were on level 4 of the Dungeon.
You worshipped Nemelex Xobeh.
Nemelex Xobeh was noncommittal.
You were hungry.

You visited 2 branches of the dungeon, and saw 5 of its levels.

You collected 144 gold pieces.

Inventory:

Hand Weapons
 a - a +0 falchion (weapon)
Armour
 b - a +0 leather armour (worn)
Jewellery
 m - a ring of protection from magic (left hand)
 o - a +2 ring of protection {unknown}
Scrolls
 e - 6 scrolls of identify {unknown}
 f - a scroll of enchant armour {unknown}
 j - 2 scrolls of teleportation {unknown}
 k - a scroll of blinking {unknown}
 l - 2 scrolls of remove curse {unknown}
 n - a scroll of fog {unknown}
Potions
 g - 2 potions of might {unknown}
 h - a potion of agility {unknown}
 i - a potion of lignification {unknown}
 p - 3 potions of curing {unknown}
 q - a potion of cancellation {unknown}
Books
 c - a book of Battle

   Spells                             Type                      Level
   a - Infusion                       Charms                       1
   b - Shroud of Golubria             Charms/Translocation         2
   c - Song of Slaying                Charms                       2
   d - Spectral Weapon                Hexes/Charms                 3
   e - Regeneration                   Charms/Necromancy            3
Miscellaneous
 r - a plain deck of escape
Comestibles
 d - 16 rations


   Skills:
 + Level 2.9 Fighting
 + Level 2.5 Long Blades
 * Level 2.8 Armour
 - Level 1.7 Dodging
 - Level 2.0 Spellcasting
 + Level 3.3 Charms


You had 3 spell levels left.
You knew the following spells:

 Your Spells              Type           Power        Failure   Level  Hunger
a - Shroud of Golubria    Chrm/Tloc      #.........   22%         2    ###....
b - Song of Slaying       Chrm           ##......     12%         2    ###....
c - Infusion              Chrm           ##..         8%          1    ##.....


Dungeon Overview and Level Annotations

Branches:
Dungeon (4/15)             Temple (1/1) D:4

Altars:
Ashenzari
Dithmenos
Elyvilon
Hepliaklqana
Makhleb
Nemelex Xobeh
Okawaru
Qazlal
Ru
Trog
Uskayaw
Vehumet
Wu Jian
Xom
Zin
The Shining One

Annotations:
D:3 Grinder
D:4 martbhell's ghost, amateur MiAK


Innate Abilities, Weirdness & Mutations

You are partially covered in large bone plates. (SH +4)
Your flesh is cold resistant. (rC+)
You are slightly more attuned to the shadows.


Message History

You hit the iguana.
The iguana is severely wounded.
Your shroud bends the iguana's attack away.
The iguana barely misses you.
You hit the iguana.
The iguana is almost dead.
The iguana completely misses you.
You closely miss the iguana.
The iguana is almost dead.
Your shroud bends the iguana's attack away.
You barely miss the iguana.
The iguana is almost dead.
Your shroud bends the iguana's attack away!
You hit the iguana.
You kill the iguana!
You have reached level 5!
Your demonic ancestry asserts itself...
You slip into the darkness of the dungeon.
Your shroud unravels.
Are you sure you want to abandon this character and quit the game? (Confirm with "yes".)

.#.#.#.#.#.########
.......##.# .#.#.#. #.#
.....# #.# # .#.#. #.#
... .# #.# ####
##..#######+## #...
.............# #...
#.....†@.....# #...
#............########...
###########'##......'...
#.##.######...
#.##.#..<.....
#.##.#.#......
#.##.#.####...
#.##.#.#.....#
#.##.#.#.#####


There were no monsters in sight!

Vanquished Creatures
  An iguana (D:4)
  A worker ant (D:4)
  2 adders
  An ooze (D:1)
  An adder skeleton (D:2)
  A worm (D:1)
  A dart slug (D:3)
  2 leopard geckos (D:2)
  An orc (D:3)
  7 bats
  A giant cockroach (D:1)
  6 goblins
  6 hobgoblins
  3 jackals (D:3)
  2 quokkas
  2 ball pythons (D:1)
  3 frilled lizards
  7 kobolds
  6 rats
54 creatures vanquished.

Notes
Turn   | Place    | Note
-------+----------+-------------------------------------------
     0 | D:1      | Ivernyr the Demonspawn Skald began the quest for the Orb.
     0 | D:1      | Reached XP level 1. HP: 16/16 MP: 3/3
    32 | D:1      | Reached skill level 1 in Armour
   116 | D:1      | Gained mutation: Your flesh is cold resistant. (rC+) [demonic ancestry]
   116 | D:1      | Reached XP level 2. HP: 19/22 MP: 5/5
   429 | D:1      | Learned a level 2 spell: Song of Slaying
   432 | D:1      | Learned a level 2 spell: Shroud of Golubria
   908 | D:2      | Reached skill level 3 in Charms
   925 | D:2      | Reached XP level 3. HP: 21/28 MP: 1/6
  1413 | D:2      | Found a faded altar of an unknown god.
  2119 | D:3      | Gained mutation: You are partially covered in large bone plates. (SH +4) [demonic ancestry]
  2119 | D:3      | Reached XP level 4. HP: 34/34 MP: 0/7
  2421 | D:3      | Noticed Grinder
  2770 | D:4      | Found a staircase to the Ecumenical Temple.
  2778 | D:4      | Noticed martbhell's ghost (amateur MiAK)
  2781 | Temple   | Entered the Ecumenical Temple
  3073 | Temple   | Became a worshipper of Nemelex Xobeh the Trickster
  3440 | D:3      | Paralysed by Grinder for 4 turns
  3544 | D:4      | Received a gift from Nemelex Xobeh
  3595 | D:3      | Paralysed by Grinder for 5 turns
  3796 | D:4      | Gained mutation: You are slightly more attuned to the shadows. [demonic ancestry]
  3796 | D:4      | Reached XP level 5. HP: 25/40 MP: 4/8
  3797 | D:4      | Quit the game

Skill      XL: |  1  2  3 |
---------------+----------+-----
Armour         | 1 2 |  2.8
Long Blades    | 2 |  2.5
Charms         | 3 |  3.3
Fighting       | |  2.9
Dodging        | |  1.7
Spellcasting   | |  2.0

Action                   |  1- 3 |  4- 6 || total
-------------------------+-------+-------++-------
Melee: Falchion          |   123 |    68 ||   191
 Cast: Shroud of Golubri |     7 |     5 ||    12
       Song of Slaying   |     1 |       ||     1
  Eat: Chunk             |     5 |     2 ||     7
       Ration            |       |     1 ||     1
Armor: Leather armour    |    34 |     6 ||    40
Dodge: Dodged            |   121 |    42 ||   163
Block: Other             |       |    14 ||    14
       Rpst.: Falchion   |    37 |    12 ||    49
